 Dungeon Crawl Stone Soup version 0.24-a0-451-g263dff2034 (webtiles) character file.

Game seed: 17919891314775222075

7816 Craser22 the Severer (level 11, 0/91 HPs)
             Began as a Minotaur Berserker on June 26, 2019.
             Was a High Priest of Trog.
             Slain by Urug
             ... wielding a +5 great mace
              (36 damage)
             ... on level 10 of the Dungeon.
             The game lasted 00:42:03 (12302 turns).

Craser22 the Severer (Minotaur Berserker)          Turns: 12302, Time: 00:42:03

Health: 0/91       AC: 12    Str: 22    XL:     11   Next: 1%
Magic:  19/19      EV:  9    Int:  4    God:    Trog [*****.]
Gold:   741        SH:  0    Dex: 13    Spells: 10/10 levels left

rFire    . . .     SeeInvis .   L - +7 battleaxe (chop)
rCold    . . .     Gourm    .   (shield currently unavailable)
rNeg     . . .     Faith    .   y - +0 chain mail
rPois    .         Spirit   .   (helmet restricted)
rElec    .         Reflect  .   w - +0 cloak
rCorr    .         Harm     .   I - +0 pair of gloves
MR       .....                  (no boots)
Stlth    ..........             (no amulet)
HPRegen  0.25/turn              (no ring)
MPRegen  0.16/turn              k - ring of magical power

@: no status effects
A: retaliatory headbutt, horns 2
a: Berserk, Trog's Hand, Brothers in Arms, Renounce Religion


You were on level 10 of the Dungeon.
You worshipped Trog.
Trog was extremely pleased with you.
You were not hungry.

You visited 1 branch of the dungeon, and saw 10 of its levels.
You also visited: Sewer.

You collected 741 gold pieces.


Innate Abilities, Weirdness & Mutations

You reflexively headbutt those who attack you in melee.
You have a pair of horns on your head.


   Skills:
 - Level 6.9 Fighting
 + Level 17.4 Axes
 - Level 6.3 Armour
 - Level 2.1 Dodging


You had 10 spell levels left.
You didn't know any spells.
Your spell library contained the following spells:

 Spells                   Type           Power        Failure   Level  Hunger
 Beastly Appendage        Tmut           #.....       99%         1    ##.....
 Sticks to Snakes         Tmut           #.......     99%         2    ###....
 Spider Form              Tmut/Pois      #.........   100%        3    ####...
 Ice Form                 Ice/Tmut       #.......     100%        4    #####..
 Blade Hands              Tmut           #.........   100%        5    ######.

Inventory:

Hand Weapons
 u - a +2 flail of crushing
 L - a +7 battleaxe of chopping (weapon)
Missiles
 n - 350 stones (quivered)
 v - 9 boomerangs
 H - a throwing net {=f}
Armour
 l - +0 steam dragon scales
 w - a +0 cloak (worn)
 y - a +0 chain mail (worn)
 I - a +0 pair of gloves (worn)
Jewellery
 k - a ring of magical power (right hand)
 C - an uncursed ring of ice
Wands
 A - a wand of digging (8)
Scrolls
 b - a scroll of random uselessness {unknown}
 d - 3 scrolls of amnesia {unknown}
 e - a scroll of fog {unknown}
 f - 2 scrolls of enchant armour {unknown}
 g - 2 scrolls of immolation {unknown}
 i - 2 scrolls of blinking {unknown}
 p - 4 scrolls of remove curse {unknown}
 t - 7 scrolls of teleportation {unknown}
 x - 3 scrolls of magic mapping {unknown}
 D - a scroll of brand weapon {unknown}
 E - a scroll of vulnerability {unknown}
 J - 2 scrolls of identify {@r1}
 M - a scroll of enchant weapon {unknown}
 N - a scroll of holy word {unknown}
Potions
 h - 3 potions of invisibility
 j - 2 potions of agility
 m - 3 potions of degeneration {!q}
 o - a potion of cancellation {unknown}
 q - 3 potions of heal wounds {@q2}
 r - 2 potions of lignification {!q}
 s - 3 potions of curing {@q1}
 z - a potion of mutation {unknown}
 B - 4 potions of might
 F - a potion of flight {unknown}
 G - a potion of magic {unknown}
 O - a potion of haste {unknown}
Comestibles
 a - 10 chunks of flesh
 c - 17 rations

Dungeon Overview and Level Annotations

Branches:
Dungeon (10/15)            Temple (0/1) D:4            Lair (0/6) D:10
    Orc: D:9-12

Altars:
Dithmenos
Elyvilon
Fedhas
Gozag
Kikubaaqudgha
Makhleb
Okawaru
Uskayaw
Vehumet
The Shining One

Shops:
D:5 %![

Annotations:
D:10 Urug

▒..▒▒ ........... ▒.▒▒
▒▒▒ . .▒ .> .▒
...▒▒▒▒▒▒▒.▒▒▒▒
............. ▒▒
▒...o.....▒ .▒▒
▒..H......▒ ▒.▒▒
▒.........▒ ▒..▒▒
▒.........▒ ▒...▒▒
▒.........▒ ▒....▒▒
▒......>..▒
▒.....▒▒▒▒▒▒▒▒(........▒
.............((.........
▒.......▒▒▒▒▒.▒▒▒▒▒▒▒▒▒▒
▒.......▒ ▒.▒


You could see Urug (berserk).


Message History

Urug throws a javelin.
The javelin closely misses you.
Urug throws a javelin.
The javelin pierces through you.
Urug throws a javelin.
The javelin barely misses you.
Found a stone staircase leading down.
Urug hits you with a +5 great mace!
You slash Urug!
Urug is moderately wounded.
Urug closely misses you. You furiously retaliate!
You headbutt Urug, but do no damage. You slash Urug! Your headbutt misses Urug.
Urug is heavily wounded.
You slice Urug!!
Urug is severely wounded.
Urug squints, then shrugs and mutters, "Close enough."
Urug drinks a potion.
Urug goes berserk!
You closely miss Urug.
Urug is severely wounded.
Urug hits you with a +5 great mace!!
* * * LOW HITPOINT WARNING * * *
You slash Urug! Your headbutt misses Urug.
Urug is almost dead.
Urug hits you with a +5 great mace!!!
You die...

Action                   |  1- 3 |  4- 6 |  7- 9 | 10-12 || total
-------------------------+-------+-------+-------+-------++-------
Melee: Hand axe          |    81 |   121 |   449 |       ||   651
       Headbutt          |    12 |    18 |   123 |    19 ||   172
       Battleaxe         |       |       |    30 |   112 ||   142
Throw: Stone             |       |       |       |     4 ||     4
Invok: Berserk           |       |     2 |     8 |     2 ||    12
  Use: Scroll            |       |     4 |     6 |       ||    10
  Eat: Chunk             |     3 |     7 |    27 |     4 ||    41
       Ration            |       |       |     1 |     1 ||     2
Armor: Scale mail        |    31 |    27 |    61 |       ||   119
       Animal skin       |     3 |       |       |       ||     3
       Chain mail        |       |       |    92 |    44 ||   136
Dodge: Dodged            |    37 |    42 |   165 |    31 ||   275

Levels and vault maps discovered:
D:1:      minmay_arrival_jagged, layout_basic, serial_co_window_serial,
          co_window_corner_a, co_window_cross_1, co_window_corner_a,
          co_window_corner_a, co_window_corner_a, co_window_2corner,
          co_window_paths_c, co_window_2corner, co_window_of_opportunity_b,
          co_window_broadway_a, co_window_4corner_a, glass_columns_b,
          glass_columns_a, glass_columns_a
D:2:      layout_basic, old_standard_altar, overflow_temple_1_default,
          first_ration, elyvilon_altar_5
D:3:      layout_loops_ring, chequers_ecumenical_altar_island, uniq_jessica,
          uniq_ijyb, uniq_grinder
D:4:      layout_layer_cave, kennysheep_mini,
          minmay_temple_entry_enclosed_plants, minivault_19, uniq_blork_the_orc,
          uniq_crazy_yiuf_cottage
D:5:      layout_loops_ring, serial_shops, shop_fountains, shop,
          nicolae_shop_temple_entry_statues_fountains,
          hangedman_abyss_or_decor_stabs
D:6:      layout_rooms, makhleb_grotto_becter, overflow_temple_1_default,
          portal_sewer_entry_d, basic_altar
D:7:      layout_basic, grunt_ogre_cave
D:8:      layout_basic, marbit_many_paths, tso_oasis_becter, basic_altar
D:9:      layout_loops_cross, nicolae_overflow_crystal_walls,
          minmay_another_anthill
D:10:     layout_small_grid, lair_entry_dummy, hiddenorc1_lemuel, uniq_urug,
          uniq_psyche

Notes
Turn   | Place    | Note
-------+----------+-------------------------------------------
     0 | D:1      | Craser22 the Minotaur Berserker began the quest for the
                  | Orb.
     0 | D:1      | Reached XP level 1. HP: 19/19 MP: 0/0
   132 | D:1      | Reached skill level 4 in Axes
   346 | D:1      | Reached XP level 2. HP: 23/26 MP: 1/1
  1003 | D:2      | Found a radiant altar of Vehumet.
  1016 | D:2      | Reached skill level 5 in Axes
  1018 | D:2      | Reached ** piety under Trog
  1018 | D:2      | Reached XP level 3. HP: 21/31 MP: 2/2
  1523 | D:2      | Found a hide-covered altar of Uskayaw.
  1546 | D:2      | Found a white marble altar of Elyvilon.
  2029 | D:3      | Noticed Jessica
  2037 | D:3      | Killed Jessica
  2037 | D:3      | Reached skill level 6 in Axes
  2037 | D:3      | Reached XP level 4. HP: 30/39 MP: 3/3
  2170 | D:3      | Noticed Ijyb
  2180 | D:3      | Killed Ijyb
  2209 | D:3      | Noticed Grinder
  2225 | D:3      | Killed Grinder
  2225 | D:3      | Reached skill level 8 in Axes
  2225 | D:3      | Reached XP level 5. HP: 22/45 MP: 4/4
  2225 | D:3      | Reached XP level 6. HP: 25/51 MP: 5/5
  2424 | D:3      | Found a faded altar of an unknown god.
  2975 | D:3      | Reached *** piety under Trog
  3069 | D:4      | Reached skill level 9 in Axes
  3320 | D:4      | Noticed Blork the orc
  3329 | D:4      | Killed Blork the orc
  3435 | D:4      | Found a staircase to the Ecumenical Temple.
  3588 | D:4      | Reached XP level 7. HP: 46/57 MP: 6/6
  3736 | D:4      | Reached skill level 10 in Axes
  3823 | D:4      | Found a blossoming altar of Fedhas.
  4472 | D:4      | Found a runed translucent door.
  4473 | D:4      | Noticed Crazy Yiuf
  4782 | D:4      | Killed Crazy Yiuf
  5039 | D:5      | Entered Level 5 of the Dungeon
  5115 | D:5      | Reached **** piety under Trog
  5115 | D:5      | Reached skill level 11 in Axes
  5374 | D:5      | Found Asoevy's Armour Shoppe.
  5396 | D:5      | Reached XP level 8. HP: 64/64 MP: 7/7
  5496 | D:5      | Reached skill level 12 in Axes
  6216 | D:5      | Found Cushrets's Distillery.
  6272 | D:5      | Found Ajeatu Nurch's Food Shop.
  6501 | D:6      | Found an ancient bone altar of Kikubaaqudgha.
  6502 | D:6      | Found an opulent altar of Gozag.
  6518 | D:6      | Reached skill level 13 in Axes
  6992 | D:6      | Found a glowing drain.
  7013 | Sewer    | Entered a sewer
  7069 | Sewer    | Reached ***** piety under Trog
  7154 | Sewer    | Reached XP level 9. HP: 70/70 MP: 8/8
  7560 | D:6      | Found a burning altar of Makhleb.
  7567 | D:6      | Reached skill level 14 in Axes
  8016 | D:7      | Identified +0 steam dragon scales
  8016 | D:7      | Reached skill level 4 in Fighting
  8016 | D:7      | Reached skill level 3 in Armour
  8800 | D:7      | Reached skill level 4 in Armour
  8829 | D:7      | Reached skill level 5 in Fighting
  9213 | D:8      | Reached skill level 5 in Armour
  9427 | D:8      | Found a glowing golden altar of the Shining One.
  9525 | D:8      | Reached skill level 6 in Fighting
  9562 | D:8      | Reached skill level 6 in Armour
  9620 | D:8      | Received a gift from Trog
  9996 | D:8      | Found a radiant altar of Vehumet.
 10281 | D:8      | Found a shadowy altar of Dithmenos.
 10533 | D:9      | Reached XP level 10. HP: 70/84 MP: 9/9
 10541 | D:9      | Killed an unseen horror
 10541 | D:9      | Reached skill level 15 in Axes
 11089 | D:9      | Reached skill level 16 in Axes
 11104 | D:9      | Noticed a queen ant
 11114 | D:9      | Killed a queen ant
 11690 | D:9      | Reached skill level 17 in Axes
 11742 | D:9      | Noticed a brown ugly thing
 11748 | D:9      | Killed a brown ugly thing
 11877 | D:9      | Found an iron altar of Okawaru.
 11938 | D:10     | Entered Level 10 of the Dungeon
 11938 | D:10     | Noticed Psyche
 11945 | D:10     | Killed Psyche
 11991 | D:10     | Found a staircase to the Lair.
 12072 | D:10     | Reached XP level 11. HP: 52/91 MP: 10/10
 12292 | D:10     | Noticed Urug
 12302 | D:10     | Slain by Urug

Vanquished Creatures
  A queen ant (D:9)
  An unseen horror (D:9)
  An ugly thing (D:9)
  Psyche (D:10)
  A troll (D:9)
  A hornet (D:8)
  Grinder (D:3)
  A hippogriff (D:8)
  2 wyverns (D:9)
  A steam dragon (D:7)
  A hungry ghost (D:8)
  6 soldier ants (D:9)
  4 sky beasts
  2 orc warriors
  A black bear (D:9)
  3 ogres
  4 ice beasts
  4 centaurs
  4 bullfrogs
  Blork the orc (D:4)
  3 scorpions
  5 killer bees (D:9)
  4 wights (D:6)
  2 bullfrog zombies
  2 crimson imps
  A centaur zombie (D:10)
  2 centaur skeletons
  3 hounds
  Crazy Yiuf (D:4)
  2 orc priests
  Ijyb (D:3)
  Jessica (D:3)
  3 iguanas
  20 worker ants
  6 orc wizards
  2 hound zombies (D:5)
  A hound skeleton (D:4)
  3 gnolls (D:6)
  18 adders
  A shadow imp (D:6)
  8 oozes
  3 adder skeletons
  2 worms
  3 dart slugs
  16 leopard geckos
  22 orcs
  14 ball pythons
  7 bats
  17 giant cockroaches
  10 goblins
  6 hobgoblins
  10 jackals
  4 quokkas
  11 frilled lizards
  A jackal skeleton (D:4)
  7 kobolds
  A quokka zombie (D:5)
  10 rats
274 creatures vanquished.
